 Dungeon Sprint DCSS version 0.21.0-24-g2553a33 (webtiles) character file.

1696 letownia2 the Grappler (level 8, -8/87 HPs)
             Began as a Troll Wizard on Jan 19, 2018.
             Was an Initiate of Ru.
             Shot with an arrow by a centaur warrior (13 damage)
             ... in the Dungeon (Sprint I: "Red Sonja").
             The game lasted 00:03:11 (475 turns).

letownia2 the Grappler (Troll Wizard)                Turns: 475, Time: 00:03:12

Health: -8/87      AC:  5    Str: 16    XL:     8   Next: 72%
Magic:  3/13       EV:  9    Int: 16    God:    Ru [......]
Gold:   741        SH:  0    Dex:  8    Spells: 6/15 levels left

rFire    . . .     SeeInvis .     - Unarmed
rCold    . . .     Gourm    +   (no shield)
rNeg     . . .     Faith    .   a - +0 robe
rPois    .         Spirit   .   b - +0 hat
rElec    .         Reflect  .   (no cloak)
rCorr    .         Harm     .   (gloves unavailable)
MR       .....     NoTele   +   (boots unavailable)
Stlth    +.........             (no amulet)
HPRegen  0.64/turn              (no ring)
MPRegen  0.13/turn              (no ring)

@: no status effects
A: large, unfitting armour, claws 3, fast metabolism 3, gourmand, regeneration
1, shaggy fur 1, tough skin 2
a: Renounce Religion


You were in the Dungeon.
You worshipped Ru.
Ru was noncommittal.
You were near starving.

You visited 1 branch You collected 741 gold pieces.

Inventory:

Hand Weapons
 c - a +4 blowgun
Missiles
 p - 6 curare-tipped needles
Armour
 a - a +0 robe (worn)
 b - a +0 hat (worn)
Wands
 k - a wand of random effects (9)
Scrolls
 j - a scroll of blinking
 m - 2 scrolls of identify {unknown}
Potions
 e - 3 potions of curing
 f - a potion of heal wounds
 g - a potion of haste
 h - 2 potions of magic
 i - a potion of berserk rage
 l - a potion of degeneration {unknown}
 n - a potion of might {unknown}
Books
 o - a book of Minor Magic

   Spells                             Type                      Level
   a - Magic Dart                     Conjuration                  1
   b - Blink                          Translocation                2
   c - Call Imp                       Summoning                    2
   d - Slow                           Hexes                        2
   e - Conjure Flame                  Conjuration/Fire             3
   f - Mephitic Cloud                 Conjuration/Poison/Air       3
Comestibles
 d - 2 rations


   Skills:
 + Level 7.0 Fighting
 - Level 1.5 Dodging
 - Level 1.0 Stealth
 * Level 13.4 Unarmed Combat
 - Level 4.0 Spellcasting
 - Level 4.6 Conjurations
   Level 0.6 Summonings
 - Level 2.4 Translocations
 - Level 3.0 Fire Magic
 - Level 2.1 Air Magic
 - Level 2.2 Poison Magic


You had 6 spell levels left.
You knew the following spells:

 Your Spells              Type           Power        Failure   Level  Hunger
a - Magic Dart            Conj           ###.         2%          1    None
b - Blink                 Tloc           N/A          10%         2    ##.....
c - Conjure Flame         Conj/Fire      ###.....     11%         3    ###....
e - Mephitic Cloud        Conj/Pois/Air  ##......     14%         3    ###....


Dungeon Overview and Level Annotations

Branches:
Dungeon (1/1)

Altars:
Cheibriados
Dithmenos
Elyvilon
Fedhas
Gozag
Hepliaklqana
Kikubaaqudgha
Nemelex Xobeh
Okawaru
Qazlal
Ru
Sif Muna
Trog
Uskayaw
Vehumet
Wu Jian
Yredelemnul
Zin
The Shining One

Shops:
D **


Innate Abilities, Weirdness & Mutations

You are too large for most types of armour.
You have claws for hands.
Your metabolism is lightning-fast.
You like to eat raw meat.
Your natural rate of healing is unusually fast.
You are covered in fur. (AC +1)
You have very tough skin. (AC +2)


Message History

You mangle the slime creature!!
You kill the slime creature!
Your Fighting skill increases to level 7!
Unknown command.
Unknown command.
Casting: Mephitic Cloud
Confirm with . or Enter, or press ? or * to list all spells.
Aiming: Mephitic Cloud
Press: ? - help, Shift-Dir - straight line, f/p - centaur warrior
Aim: a centaur warrior, wielding a shortbow (moderately wounded, confused)
The ball explodes into a vile cloud!
The stinking cloud engulfs the centaur warrior. x2
The centaur warrior is moderately wounded.
You are near starving!
The centaur warrior is engulfed in noxious fumes.
The centaur warrior appears confused.
The centaur warrior is engulfed in noxious fumes.
The centaur warrior wields an uncursed longbow.
The centaur warrior shoots an arrow.
The arrow hits you!
You die...

#..#####'#####'#
#..####..#...#J####§§
#..#__####..##.#≈§§§§
#..#_____##'#_.c§§≈.§
#⌠⌠#_.∩...'..(_#§§§
####_..__##_.#+##+###
#_____###+# #()(.#
############.####'###
#∩^......@'c§.'.(...+
###++++####c§.#######
###§### #.#'#.#
#.....# #.....#
#######


You could see 2 centaur warriors.

Vanquished Creatures
  Sonja (D)
  A deep troll (D)
  A slime creature (D)
  Sigmund (D)
  A yak (D)
  An ogre (D)
  A jelly (D)
  Ijyb (D)
  A ballistomycete (D)
  A ballistomycete spore (D)
10 creatures vanquished.

Vanquished Creatures (others)
  A gargoyle (D)
  A ballistomycete spore (D)
2 creatures vanquished.

Grand Total: 12 creatures vanquished

Notes
Turn   | Place    | Note
-------+----------+-------------------------------------------
     0 | D        | letownia2 the Troll Wizard began the quest for the Orb.
     0 | D        | Reached XP level 1. HP: 16/16 MP: 2/2
     2 | D        | Noticed Ijyb
    28 | D        | Killed Ijyb
    28 | D        | Reached skill level 4 in Unarmed Combat
    28 | D        | Reached XP level 2. HP: 17/29 MP: 4/4
    55 | D        | Learned a level 2 spell: Blink
    55 | D        | Noticed an ogre
    66 | D        | Killed an ogre
    66 | D        | Reached skill level 6 in Unarmed Combat
    66 | D        | Reached XP level 3. HP: 11/36 MP: 5/5
    66 | D        | Reached XP level 4. HP: 13/44 MP: 6/6
    71 | D        | Learned a level 3 spell: Mephitic Cloud
   116 | D        | Noticed Sigmund
   125 | D        | Killed Sigmund
   125 | D        | Reached skill level 7 in Unarmed Combat
   125 | D        | Reached XP level 5. HP: 50/50 MP: 3/8
   125 | D        | Reached XP level 6. HP: 59/59 MP: 3/9
   135 | D        | Learned a level 3 spell: Conjure Flame
   146 | D        | Found an ornate altar of the Wu Jian Council.
   146 | D        | Found a deep blue altar of Sif Muna.
   149 | D        | Found a radiant altar of Vehumet.
   154 | D        | Reached skill level 1 in Fire Magic
   178 | D        | Found Doostibbi's Assorted Antiques.
   178 | D        | Found an ancient bone altar of Kikubaaqudgha.
   178 | D        | Found a hazy altar of Hepliaklqana.
   178 | D        | Found a stormy altar of Qazlal.
   178 | D        | Found a hide-covered altar of Uskayaw.
   178 | D        | Found a blossoming altar of Fedhas.
   178 | D        | Found a bloodstained altar of Trog.
   178 | D        | Found an iron altar of Okawaru.
   178 | D        | Found a basalt altar of Yredelemnul.
   178 | D        | Found a glowing golden altar of the Shining One.
   178 | D        | Found a snail-covered altar of Cheibriados.
   178 | D        | Found a sacrificial altar of Ru.
   178 | D        | Found a glowing silver altar of Zin.
   178 | D        | Found a shadowy altar of Dithmenos.
   178 | D        | Found a white marble altar of Elyvilon.
   178 | D        | Noticed a yak
   185 | D        | Killed a yak
   185 | D        | Reached skill level 8 in Unarmed Combat
   187 | D        | Found an opulent altar of Gozag.
   188 | D        | Found a sparkling altar of Nemelex Xobeh.
   195 | D        | Became a worshipper of Ru the Awakened
   219 | D        | Noticed Sonja
   228 | D        | Killed Sonja
   228 | D        | Reached skill level 5 in Fighting
   228 | D        | Reached skill level 11 in Unarmed Combat
   228 | D        | Reached XP level 7. HP: 52/72 MP: 5/12
   322 | D        | Found Tishouron's General Store.
   357 | D        | Killed a gargoyle
   374 | D        | Noticed a deep troll
   381 | D        | Killed a deep troll
   381 | D        | Reached skill level 13 in Unarmed Combat
   381 | D        | Reached XP level 8. HP: 49/84 MP: 6/13
   412 | D        | Noticed a centaur warrior
   446 | D        | Noticed a centaur warrior
   449 | D        | Noticed a slime creature
   473 | D        | HP: 3/84 [slime creature (14)]
   474 | D        | Killed a slime creature
   475 | D        | Shot with an arrow by a centaur warrior

Skill      XL: |  1  2  3  4  5  6  7  8 |
---------------+-------------------------+-----
Fighting       | 2 5 6 7 |  7.0
Unarmed Combat | 4 6 7 11 13 | 13.4
Conjurations   | 3 4 |  4.6
Translocations | 2 |  2.4
Air Magic      | 2 |  2.1
Poison Magic   | 2 |  2.2
Spellcasting   | 4 |  4.0
Fire Magic     | 3 |  3.0
Dodging        | |  1.5
Stealth        | |  1.0
Summonings     | |  0.6

Action                   |  1- 3 |  4- 6 |  7- 9 || total
-------------------------+-------+-------+-------++-------
Melee: Unarmed           |    28 |    15 |    13 ||    56
       Punch             |       |       |     1 ||     1
 Fire: Blowgun           |       |       |     1 ||     1
 Cast: Mephitic Cloud    |       |     2 |     5 ||     7
       Conjure Flame     |       |     1 |     2 ||     3
       Magic Dart        |       |     1 |       ||     1
       Blink             |       |       |     1 ||     1
Evoke: Wand              |     3 |     2 |       ||     5
 Stab: Sleeping          |     1 |       |       ||     1
       Confused          |       |     2 |       ||     2
       Paralysed         |       |     2 |       ||     2
  Eat: Chunk             |       |     1 |       ||     1
Armor: Robe              |     7 |     1 |     1 ||     9
Dodge: Dodged            |    10 |     5 |     1 ||    16
